 Dungeon Crawl Stone Soup version 0.31-a0-210-gccc998df9b (webtiles) character file.

Game seed: 13483045962559181155

486 qw the Chopper (level 7, -7/44 HPs)
             Began as a Gargoyle Fighter on June 29, 2023.
             Was an Initiate of Okawaru.
             Mangled by an iguana (8 damage)
             ... on level 4 of the Dungeon.
             The game lasted 00:01:42 (2914 turns).

qw the Chopper (Gargoyle Fighter)                   Turns: 2914, Time: 00:01:42

Health: -7/44      AC: 15    Str: 22    XL:     7   Next: 13%
Magic:  7/7        EV: 10    Int:  8    God:    Okawaru [......]
Gold:   169        SH:  4    Dex:  9    Spells: 6/6 levels left

rFire   . . .        g - +0 war axe
rCold   + . .        c - +0 buckler
rNeg    + . .        b - +0 scale mail
rPois   inf          (no helmet)
rElec   +            (no cloak)
rCorr   .            (no gloves)
SInv    .            (no boots)
Will    .....        (no amulet) Stlth
                     a - +4 ring of protection
HPRegen 0.27/turn    k - ring of protection from cold
MPRegen 0.10/turn

%: no passive effects
@: about to teleport
A: sickness immunity, AC +4, negative energy resistance 1, electricity
resistance, torment resistance 1, petrification resistance
a: Renounce Religion


You were on level 4 of the Dungeon.
You worshipped Okawaru.
Okawaru was noncommittal.
You visited 2 branches of the dungeon, and saw 5 of its levels.

You collected 169 gold pieces.


Innate Abilities, Weirdness & Mutations

You are immune to sickness and miasma.
Your stone body is resilient. (AC +4)
You are immune to poison.
You resist negative energy. (rN+)
You are resistant to electric shocks. (rElec)
You are resistant to unholy torment.
You are immune to petrification.


   Skills:
 - Level 4.3 Fighting
 + Level 5.6 Axes
 - Level 1.1 Throwing
 - Level 3.2 Armour
 - Level 2.0 Dodging
 - Level 3.2 Shields


You had 6 spell levels left.
You didn't know any spells.
Your spell library was empty.

Inventory:

Hand Weapons
 g - a +0 war axe (weapon)
 j - a +0 flail
Missiles
 h - 6 javelins (quivered)
Armour
 b - a +0 scale mail (worn)
 c - a +0 buckler (worn)
Jewellery
 a - a +4 ring of protection (left hand)
 k - a ring of protection from cold (right hand)
 Y - a ring of resist corrosion
Scrolls
 i - 2 scrolls of teleportation
 m - a scroll of enchant weapon {unknown}
 n - a scroll of noise {unknown}
 o - a scroll of identify
Potions
 d - 2 potions of might
 e - a potion of degeneration {unknown}
 f - a potion of invisibility {unknown}
 l - a potion of attraction {unknown}

Dungeon Overview and Level Annotations

Branches:
Dungeon (4/15)             Temple (1/1) D:4

Altars:
Ashenzari
Elyvilon
Fedhas
Gozag
Hepliaklqana
Kikubaaqudgha
Makhleb
Nemelex Xobeh
Okawaru
Qazlal
Ru
Sif Muna
Trog
Uskayaw
Vehumet
Xom
Yredelemnul
Zin
The Shining One


Message History

You kill the orc!
Okawaru accepts your kill.
You hit the orc priest. You closely miss the orc priest.
The orc priest hits you but does no damage.
The orc priest hits you with a +1 short sword of speed.
You barely miss the orc priest.
The orc priest is moderately wounded.
You barely miss the iguana. You closely miss the orc priest.
The orc priest barely misses you.
The orc priest calls down the wrath of Beogh upon you.
Beogh smites you! The iguana bites you.
You hit the orc priest.
The orc priest is moderately wounded.
You hit the orc priest. You hit the iguana but do no damage.
The orc priest hits you but does no damage. x2
The iguana barely misses you.
The orc priest calls upon Beogh to heal the orc priest.
The orc priest is healed somewhat.
The orc priest barely misses you.
The iguana bites you but does no damage.
You closely miss the orc priest.
The orc priest is heavily wounded.
You barely miss the orc priest. You hit the iguana but do no damage.
The orc priest hits you with a +1 short sword of speed.
The orc priest barely misses you.
The iguana bites you but does no damage.
The orc priest calls upon Beogh to heal the orc priest.
The orc priest's wounds heal themselves!
You barely miss the orc priest.
The orc priest is moderately wounded.
You slash the orc priest! You slash the iguana!
The orc priest calls upon Beogh to heal the orc priest.
The orc priest's wounds heal themselves!
You block the iguana's attack.
The orc priest hits you with a +1 short sword of speed.
2914 ||| READING 3 scrolls of teleportation.
As you read the scroll of teleportation, it crumbles to dust.
You feel strangely unstable.
The orc priest calls down the wrath of Beogh upon you.
Beogh smites you! The iguana bites you!
You die...

..........# ####..#.
..........# ##.#.
..........# #.#.
..........# #.#.
..........# #.#.
..........# #########.#.
........?.# #.......%.#.
......ool.# #.........#.
...[..)@..###.........#0
......................#.
.................#######
.................#
...^.............#
...............>.#
.................#
.......########### #####


You could see an iguana and 2 orc priests.

Vanquished Creatures
  2 ogres (D:4)
  A scorpion (D:4)
  2 jellies (D:4)
  A hound (D:3)
  An iguana (D:3)
  5 adders
  3 worms
  A dart slug (D:4)
  7 orcs (D:4)
  6 endoplasms
  A giant cockroach (D:1)
  5 goblins
  7 hobgoblins
  6 jackals
  10 kobolds
  3 quokkas
  9 ball pythons
  10 bats
  3 frilled lizards
  2 rats (D:3)
85 creatures vanquished.

Notes
Turn   | Place    | Note
-------+----------+-------------------------------------------
     0 | D:1      | qw the Gargoyle Fighter began the quest for the Orb.
     0 | D:1      | Reached XP level 1. HP: 14/14 MP: 1/1
     0 | D:1      | 0 ||| qw: Version: 0.3-a-24-ga2abf7b
     0 | D:1      | 0 ||| qw: Game counter: 6901
     0 | D:1      | 0 ||| qw: Melee chars always use a shield: true
     0 | D:1      | 0 ||| qw: God list: Okawaru
     0 | D:1      | 0 ||| qw: Allow faded altars: false
     0 | D:1      | 0 ||| qw: Do Orc after clearing Dungeon:15 true
     0 | D:1      | 0 ||| qw: Do second Lair branch before Depths: true
     0 | D:1      | 0 ||| qw: Lair rune preference: random
     0 | D:1      | 0 ||| qw: Goals: Normal, Zot:1-4, Slime:5, God:TSO, Crypt,
                  | Tomb, Abyss, Pan, Hells, Win
     0 | D:1      | 0 ||| PLANNING D:1-11
    27 | D:1      | Reached skill level 2 in Axes
    55 | D:1      | 55 ||| Stepping ~*~*~tactically~*~*~ (stealth).
    80 | D:1      | Reached XP level 2. HP: 19/19 MP: 2/2
   184 | D:1      | 184 ||| Stepping ~*~*~tactically~*~*~ (stealth).
   225 | D:1      | Reached skill level 3 in Axes
   237 | D:1      | Found a faded altar of an unknown god.
   329 | D:1      | Reached XP level 3. HP: 23/23 MP: 3/3
   501 | D:1      | 501 ||| UPGRADING to ring of resist corrosion.
   502 | D:1      | 502 ||| READING scroll labelled SUUMILI ESOFI.
   503 | D:1      | 503 ||| READING scroll labelled NIWNAXIEGG.
   521 | D:2      | 521 ||| STAIRDANCE
   557 | D:2      | 557 ||| DROPPING +0 club.
   688 | D:2      | 688 ||| Stepping ~*~*~tactically~*~*~ (stealth).
   689 | D:2      | 689 ||| Stepping ~*~*~tactically~*~*~ (stealth).
   849 | D:2      | Reached XP level 4. HP: 24/28 MP: 4/4
   889 | D:2      | Reached skill level 4 in Axes
   911 | D:2      | 911 ||| Stepping ~*~*~tactically~*~*~ (stealth).
  1165 | D:2      | 1165 ||| Stepping ~*~*~tactically~*~*~ (stealth).
  1167 | D:2      | 1167 ||| Stepping ~*~*~tactically~*~*~ (hiding).
  1304 | D:2      | 1304 ||| READING 2 scrolls labelled CEPROL OPTAGAEX.
  1410 | D:3      | Found a bloodstained altar of Trog.
  1439 | D:3      | Found a hazy altar of Hepliaklqana.
  1442 | D:3      | Found a shimmering blue altar of Sif Muna.
  1445 | D:3      | Found a broken altar of Ashenzari.
  1614 | D:3      | Reached skill level 1 in Throwing
  1653 | D:3      | 1653 ||| Stepping ~*~*~tactically~*~*~ (hiding).
  1654 | D:3      | 1654 ||| Stepping ~*~*~tactically~*~*~ (hiding).
  1840 | D:3      | 1840 ||| Stepping ~*~*~tactically~*~*~ (stealth).
  1843 | D:3      | 1843 ||| Stepping ~*~*~tactically~*~*~ (stealth).
  1846 | D:3      | 1846 ||| Stepping ~*~*~tactically~*~*~ (stealth).
  1847 | D:3      | 1847 ||| Stepping ~*~*~tactically~*~*~ (stealth).
  1848 | D:3      | 1848 ||| Stepping ~*~*~tactically~*~*~ (stealth).
  1849 | D:3      | 1849 ||| Stepping ~*~*~tactically~*~*~ (stealth).
  1961 | D:3      | Reached XP level 5. HP: 26/32 MP: 5/5
  2004 | D:3      | 2004 ||| Stepping ~*~*~tactically~*~*~ (stealth).
  2006 | D:3      | 2006 ||| Stepping ~*~*~tactically~*~*~ (stealth).
  2234 | D:3      | 2234 ||| UPGRADING to ring of protection from cold.
  2235 | D:3      | 2235 ||| READING scroll labelled ETEUWA ISKOYTZ.
  2269 | D:4      | 2269 ||| Stepping ~*~*~tactically~*~*~ (stealth).
  2271 | D:4      | 2271 ||| Stepping ~*~*~tactically~*~*~ (stealth).
  2274 | D:4      | Reached skill level 5 in Axes
  2274 | D:4      | 2274 ||| Stepping ~*~*~tactically~*~*~ (stealth).
  2292 | D:4      | 2292 ||| DROPPING +0 whip.
  2329 | D:4      | Reached XP level 6. HP: 35/39 MP: 6/6
  2601 | D:4      | Found a staircase to the Ecumenical Temple.
  2602 | D:4      | 2602 ||| PLANNING TEMPLE
  2602 | D:4      | 2602 ||| UPGRADING to +4 ring of protection.
  2612 | Temple   | Entered the Ecumenical Temple
  2613 | Temple   | 2613 ||| PLANNING OKAWARU WORSHIP
  2618 | Temple   | Became a worshipper of Warmaster Okawaru
  2619 | Temple   | 2619 ||| PLANNING D:1-11
  2685 | D:4      | Reached XP level 7. HP: 22/44 MP: 7/7
  2766 | D:4      | 2766 ||| Stepping ~*~*~tactically~*~*~ (stealth).
  2767 | D:4      | 2767 ||| Stepping ~*~*~tactically~*~*~ (stealth).
  2768 | D:4      | 2768 ||| Stepping ~*~*~tactically~*~*~ (stealth).
  2872 | D:4      | 2872 ||| Stepping ~*~*~tactically~*~*~ (hiding).
  2913 | D:4      | HP: 10/44 [orc priest/+1 short sword of speed (5)]
  2914 | D:4      | 2914 ||| READING 3 scrolls of teleportation.
  2914 | D:4      | HP: 1/44 [orc priest/divine providence (9)]
  2914 | D:4      | Mangled by an iguana

Levels and vault maps discovered:
D:1:      dpeg_arrival_tiny_d, layout_rooms, basic_ecumenical_altar,
          st_stairs_14
D:2:      layout_rooms, minmay_pentomino_pile
D:3:      layout_loops_ring, grunt_temple_overflow_cloverleaf
D:4:      layout_basic, lemuel_temple_firewalk_b
Temple:   nicolae_temple_no_exploring_needed

Skill      XL: |  1  2  3  4  5  6 |
---------------+-------------------+-----
Axes           | 2 3 4 5 |  5.6
Throwing       | 1 |  1.1
Fighting       | 4 |  4.3
Dodging        | 2 |  2.0
Armour         | |  3.2
Shields        | |  3.2

Action                     |  1- 3 |  4- 6 |  7- 9 || total
---------------------------+-------+-------+-------++-------
  Melee: War axe           |   121 |   117 |    22 ||   260
  Throw: Javelin           |       |    41 |       ||    41
    Use: Scroll            |     2 |     2 |     1 ||     5
 Armour: Scale mail        |    73 |    56 |     9 ||   138
  Dodge: Dodged            |    52 |    63 |    14 ||   129
  Block: Buckler           |    24 |    22 |     1 ||    47

Table legend:
 A = Non-vault XP
 B = Vault XP
 C = Vault XP percentage of total XP
 D = Non-vault monster count
 E = Vault monster count
 F = Vault count percentage of total count
                 A         B        C        D         E       F
            +---------+---------+-------+---------+---------+-------
      Total |     667 |      28 |   4.0 |      78 |       7 |   8.2
            +---------+---------+-------+---------+---------+-------
        D:1 |      40 |       2 |   4.8 |      24 |       1 |   4.0
        D:2 |      49 |      26 |  34.7 |      15 |       6 |  28.6
        D:3 |     116 |       0 |   0.0 |      17 |       0 |   0.0
        D:4 |     462 |       0 |   0.0 |      22 |       0 |   0.0
            +---------+---------+-------+---------+---------+-------
